 Dungeon Crawl Stone Soup version 0.21.0-3-g78d12a8 (webtiles) character file.

61 manyhoops the Digger (level 4, -6/40 HPs)
             Began as a Gnoll Wanderer on Jan 11, 2018.
             Mangled by Sigmund
             ... wielding a +0 scythe of slicing
              (10 damage)
             ... on level 2 of the Dungeon.
             The game lasted 00:02:03 (1158 turns).

manyhoops the Digger (Gnoll Wanderer)               Turns: 1158, Time: 00:02:03

Health: -6/40      AC:  8    Str: 11    XL:     4   Next: 7%
Magic:  9/10       EV: 15    Int: 16    God:
Gold:   130        SH:  0    Dex: 17    Spells: 12/12 levels left

rFire    . . .     SeeInvis .   m - +0 mace
rCold    . . .     Gourm    .   i - +0 buckler
rNeg     . . .     Faith    .   j - +0 ring mail
rPois    .         Spirit   .   (no helmet)
rElec    .         Reflect  .   (no cloak)
rCorr    .         Harm     .   (no gloves)
MR       .....                  (no boots)
Stlth    +.........             (no amulet)
HPRegen  0.13/turn              p - +3 ring of evasion
MPRegen  0.12/turn              (no ring)

@: confused
A: distributed training, fangs 1, talons 1, molten scales 1, blurry vision 1,
deterioration 1, strong nose
a: no special abilities


You were on level 2 of the Dungeon.
You were hungry.

You visited 1 branch of the dungeon, and saw 2 of its levels.

You collected 130 gold pieces.

Inventory:

Hand Weapons
 c - a +0 spear
 m - a +0 mace (weapon)
Armour
 d - a +0 robe
 i - a +0 buckler (worn)
 j - a +0 ring mail (worn)
Jewellery
 p - a +3 ring of evasion (left hand)
Scrolls
 e - a scroll of blinking {unknown}
 g - a scroll of amnesia {unknown}
 k - 3 scrolls of teleportation
 n - 2 scrolls of remove curse
 o - a scroll of magic mapping
 q - a scroll of enchant weapon {unknown}
 s - a scroll of identify {unknown}
Books
 a - a book of Minor Magic

   Spells                             Type                      Level
   a - Magic Dart                     Conjuration                  1
   b - Blink                          Translocation                2
   c - Call Imp                       Summoning                    2
   d - Slow                           Hexes                        2
   e - Conjure Flame                  Conjuration/Fire             3
   f - Mephitic Cloud                 Conjuration/Poison/Air       3
 b - the Almanac of Slavery

   Spells                             Type                      Level
   a - Summon Butterflies             Summoning                    1
   b - Summon Guardian Golem          Hexes/Summoning              3
Comestibles
 f - 8 rations


   Skills:
 + Level 5.9 Fighting
 + Level 3.6 Short Blades
 + Level 3.6 Long Blades
 + Level 3.6 Axes
 + Level 3.6 Maces & Flails
 + Level 3.6 Polearms
 + Level 3.6 Staves
 + Level 3.6 Slings
 + Level 3.6 Bows
 + Level 3.6 Crossbows
 + Level 4.5 Throwing
 + Level 4.5 Armour
 + Level 3.6 Dodging
 + Level 3.6 Stealth
 + Level 4.5 Shields
 + Level 3.6 Unarmed Combat
 + Level 4.6 Spellcasting
 + Level 3.0 Conjurations
 + Level 3.0 Hexes
 + Level 3.0 Charms
 + Level 3.0 Summonings
 + Level 3.7 Necromancy
 + Level 3.0 Translocations
 + Level 3.0 Transmutations
 + Level 3.0 Fire Magic
 + Level 3.0 Ice Magic
 + Level 3.0 Air Magic
 + Level 6.3 Earth Magic
 + Level 3.0 Poison Magic
 + Level 4.0 Invocations
 + Level 3.6 Evocations


You had 12 spell levels left.
You didn't know any spells.

Dungeon Overview and Level Annotations

Branches:
Dungeon (2/15)

Altars:
Sif Muna

Annotations:
D:2 Sigmund


Innate Abilities, Weirdness & Mutations

Your experience applies equally to all skills.
You have very sharp teeth.
Your uncanny sense of smell can sniff out nearby items.
You have sharp toenails.
You are partially covered in molten scales. (AC +2)
Scrolls take you a little longer to read.
Your body sometimes deteriorates upon taking damage.


Message History

You're too confused to move!
Something hits you but does no damage.
You bump into the rock wall.
Something completely misses you. Something hits you.
You hear some strange, mumbled words.
You are more confused.
You bump into the rock wall.
Something hits you. Something hits you.
* * * LOW HITPOINT WARNING * * *
You hear some strange, mumbled words.
Something tries to affect you, but you resist.
You hear some strange, mumbled words.
You are more confused.
You're too confused to move!
Something hits you.
* * * LOW HITPOINT WARNING * * *
x2 Something hits you but does no damage.
Something hits you.
* * * LOW HITPOINT WARNING * * *
x2 Something hits you!
You die...

#...# ## #.### #. ##.# #. #..#
#. #.## ## #.# # ######.#####
*########..........########
*****.........@................
*,,,,........{...#.###.########
*,***.#######.####.# #.# #.....
*,* *,* #.# #^# #.# #.#### *,*
*,* #.# #.###.# #.# *,* *,* #.#
#..##.# #.# *,* *,* #.# #..##.#
#.# *,* *,* #.####..##.# #.#
*,* *,* #..........# #.#


There were no monsters in sight!

Vanquished Creatures
  An ooze (D:2)
  2 dart slugs
  A giant cockroach (D:2)
  6 hobgoblins
  A bat (D:1)
  A frilled lizard (D:1)
  4 kobolds
  2 rats
18 creatures vanquished.

Notes
Turn   | Place    | Note
-------+----------+-------------------------------------------
     0 | D:1      | manyhoops the Gnoll Wanderer began the quest for the Orb.
     0 | D:1      | manyhoops set off with: a book of Minor Magic, the Almanac of Slavery, a +0 spear, a +0 robe, a ration
     0 | D:1      | Reached XP level 1. HP: 20/20 MP: 4/4
    98 | D:1      | You fall through a shaft!
   352 | D:2      | Reached XP level 2. HP: 23/26 MP: 5/5
   375 | D:2      | Found a deep blue altar of Sif Muna.
   814 | D:1      | Reached XP level 3. HP: 31/31 MP: 7/7
  1138 | D:2      | Noticed Sigmund
  1139 | D:2      | Gained mutation: Scrolls take you a little longer to read. [potion of mutation]
  1139 | D:2      | Gained mutation: Your body sometimes deteriorates upon taking damage. [potion of mutation]
  1139 | D:2      | Gained mutation: You are partially covered in molten scales. (AC +2) [potion of mutation]
  1139 | D:2      | Gained mutation: You have sharp toenails. [potion of mutation]
  1140 | D:2      | Reached skill level 5 in Fighting
  1140 | D:2      | Reached skill level 6 in Earth Magic
  1140 | D:2      | Reached XP level 4. HP: 40/40 MP: 7/10
  1158 | D:2      | Mangled by Sigmund

Skill      XL: |  1  2  3 |
---------------+----------+-----
Necromancy     | 2 3 |  3.7
Fighting       | 5 |  5.9
Short Blades   | 3 |  3.6
Long Blades    | 3 |  3.6
Axes           | 3 |  3.6
Maces & Flails | 3 |  3.6
Polearms       | 3 |  3.6
Staves         | 3 |  3.6
Slings         | 3 |  3.6
Bows           | 3 |  3.6
Crossbows      | 3 |  3.6
Throwing       | 4 |  4.5
Armour         | 4 |  4.5
Dodging        | 3 |  3.6
Stealth        | 3 |  3.6
Shields        | 4 |  4.5
Unarmed Combat | 3 |  3.6
Spellcasting   | 4 |  4.6
Conjurations   | 3 |  3.0
Hexes          | 3 |  3.0
Charms         | 3 |  3.0
Summonings     | 3 |  3.0
Translocations | 3 |  3.0
Transmutations | 3 |  3.0
Fire Magic     | 3 |  3.0
Ice Magic      | 3 |  3.0
Air Magic      | 3 |  3.0
Earth Magic    | 6 |  6.3
Poison Magic   | 3 |  3.0
Invocations    | 4 |  4.0
Evocations     | 3 |  3.6

Action                   |  1- 3 |  4- 6 || total
-------------------------+-------+-------++-------
Melee: Spear             |    34 |       ||    34
       Bite              |     8 |     2 ||    10
       Mace              |    29 |     3 ||    32
       Kick              |       |     1 ||     1
  Use: Scroll            |     3 |       ||     3
       Potion            |     2 |     1 ||     3
 Stab: Sleeping          |     2 |       ||     2
Armor: Ring mail         |    13 |     2 ||    15
Dodge: Dodged            |    18 |     3 ||    21
Block: Buckler           |     9 |     2 ||    11
